Map: Alcyone LE

Players

Killer

  • Race: Zerg Zerg
  • League: Silver
  • Spawn Location: 1:00

Subwayeatn - Winner!

  • Race: Zerg Zerg
  • League: Gold
  • Spawn Location: 7:00

VOD

Have the link to the VOD?

Description

Time

  • Played on: Oct. 19, 2023, 10:32 a.m.
  • Length: 18:04
Show
View Real Time Build Order
Export as new Build Order

Killer Zerg 

Build Orders: Hatch First, Lurkers 

Get SALT Encoding   

  12  0:00  Drone  
  13  0:08  Drone  
  14  0:15  Extractor  
  14  0:16  Drone  
  15  0:39  Hatchery  
  15  0:42  Extractor  
  13  0:43  Drone  
  15  0:59  Spawning Pool  
  15  1:02  Extractor  
  14  1:04  Drone  
  14  1:08  Extractor  
  14  1:10  Drone  
  15  1:25  Overlord  
  15  1:44  Drone  
  15  1:45  Drone x2  
  18  1:48  Queen  
  18  1:52  Queen  
  22  1:57  Drone  
  23  2:03  Zergling x4  
  25  2:09  Drone  
  25  2:14  Drone  
  27  2:22  Overlord  
  27  2:26  Drone  
  28  2:44  Queen  
  30  3:04  Spine Crawler  
  29  3:06  Drone  
  29  3:07  Drone x2  
  29  3:08  Drone, Overlord  
  29  3:11  Zergling x2  
  34  3:18  Drone x3, Baneling Nest  
  36  3:34  Lair  
  36  3:35  Drone x3  
  36  3:40  Overlord  
  39  3:46  Zergling x4  
  39  3:47  Zergling x4  
  43  3:53  Drone  
  44  4:01  Extractor, Roach Warren  
  44  4:02  Drone  
  43  4:03  Drone x2  
  43  4:04  Drone  
  46  4:12  Baneling  
  46  4:13  Baneling  
  46  4:14  Baneling  
  46  4:28  Overlord  
  46  4:31  Overlord  
  46  4:32  Overlord  
  46  4:38  Extractor  
  46  4:40  Extractor, Overlord  
  44  4:50  Roach x2  
  44  4:51  Roach x3  
  54  4:59  Overseer  
  54  5:01  Roach x2  
  54  5:02  Roach x2  
  62  5:11  Drone x2  
  61  5:18  Ravager x2  
  61  5:19  Roach x2  
  69  5:21  Roach  
  69  5:25  Roach  
  69  5:26  Roach  
  73  5:37  Evolution Chamber  
  73  5:38  Evolution Chamber  
  73  5:40  Drone x2  
  73  5:41  Drone x2  
  73  5:42  Overlord x2  
  71  6:05  Hydralisk Den  
  70  6:11  Ravager x2  
  72  6:24  Hatchery  
  71  6:32  Zerg Ground Armor Level 1  
  71  6:33  Zerg Missile Weapons Level 1  
  55  6:56  Roach  
  55  6:57  Roach x5  
  55  6:59  Drone x5  
  55  7:00  Drone  
  69  7:10  Spore Crawler  
  69  7:12  Hydralisk x2  
  69  7:13  Hydralisk  
  72  7:23  Muscular Augments  
  68  7:32  Spore Crawler  
  61  7:46  Extractor  
  61  7:47  Extractor  
  59  7:51  Ravager  
  59  7:52  Ravager  
  61  7:59  Lurker Den  
  60  8:18  Hydralisk  
  60  8:19  Hydralisk x7  
  76  8:28  Drone x4, Infestation Pit  
  76  8:29  Drone  
  78  8:34  Drone x3  
  78  8:35  Drone  
  82  8:41  Drone, Spore Crawler  
  82  8:44  Overlord  
  51  9:12  Spore Crawler  
  51  9:16  Spine Crawler  
  48  9:23  Roach x2  
  48  9:24  Roach x3  
  58  9:25  Hydralisk x3  
  64  9:32  Hydralisk x2  
  68  9:42  Spore Crawler  
  65  9:57  Lurker x3  
  65  9:58  Lurker  
  69  10:00  Lurker  
  69  10:02  Hydralisk  
  69  10:03  Hydralisk x2  
  69  10:05  Overlord  
  76  10:24  Overlord x3  
  76  10:56  Roach x5  
  86  11:03  Ravager x2  
  86  11:04  Ravager x2  
  90  11:13  Drone  
  90  11:14  Drone, Overlord  
  90  11:15  Overlord  
  90  11:16  Overlord x2  
  90  11:17  Overlord  
  63  12:01  Hydralisk x4  
  63  12:02  Hydralisk x2  
  66  12:23  Hydralisk x2  
  67  12:49  Lurker x2  
  66  13:01  Infestor  
  66  13:03  Hydralisk  
  66  13:04  Hydralisk x2  
  66  13:05  Zerg Missile Weapons Level 2, Zerg Ground Armor Level 2  
  74  13:07  Hydralisk x2  
  78  13:25  Roach  
  78  13:26  Roach  
  82  13:47  Hatchery  
  81  13:56  Hydralisk  
  81  13:57  Hydralisk x5  
  93  14:03  Spine Crawler  
  93  14:07  Spore Crawler  
  91  14:12  Spore Crawler  
  90  14:24  Hydralisk x6  
  90  14:27  Lurker x5  
  107  14:37  Overseer x2  
  107  14:49  Extractor  
  107  14:52  Extractor  
  97  14:55  Hydralisk x5  
  97  14:56  Hydralisk  
  97  14:59  Hydralisk  
  91  15:06  Hive  
  81  15:22  Hydralisk x2  
  81  15:23  Hydralisk  
  83  15:30  Spore Crawler  
  79  15:43  Hydralisk x2  
  79  15:44  Hydralisk  
  71  16:01  Spore Crawler  
  70  16:08  Spore Crawler  
  61  16:21  Viper  
  45  17:03  Viper  
Show
View Real Time Build Order
Export as new Build Order

Subwayeatn Zerg - Winner!

Build Orders: Hatch First 

Get SALT Encoding   

  12  0:00  Drone  
  13  0:14  Drone  
  14  0:16  Overlord  
  14  0:25  Extractor  
  14  0:26  Drone  
  15  0:34  Drone  
  16  0:48  Drone  
  17  0:52  Hatchery  
  17  0:56  Drone  
  17  0:59  Drone  
  17  1:01  Extractor  
  17  1:16  Spawning Pool  
  17  1:18  Drone  
  17  1:28  Drone  
  17  1:30  Drone  
  19  1:39  Drone  
  20  1:52  Overlord  
  20  2:03  Metabolic Boost  
  20  2:05  Queen  
  20  2:07  Queen  
  24  2:16  Zergling x4  
  24  2:18  Zergling x2  
  27  2:23  Drone  
  27  2:24  Drone  
  27  2:27  Drone  
  30  2:47  Drone x3  
  30  2:48  Overlord  
  33  3:05  Drone x2  
  35  3:08  Drone  
  36  3:13  Baneling Nest  
  35  3:21  Drone x7, Extractor  
  35  3:24  Overlord  
  41  3:30  Drone  
  42  3:45  Drone x2  
  44  4:01  Lair  
  44  4:07  Hatchery  
  43  4:24  Zergling x6  
  43  4:27  Baneling  
  43  4:28  Baneling x5  
  46  4:33  Drone x3, Extractor  
  46  4:34  Drone x3, Extractor  
  50  4:55  Drone  
  50  4:56  Drone  
  50  4:58  Overlord x2  
  50  5:18  Drone  
  50  5:19  Spire  
  50  5:21  Overlord x3  
  50  5:24  Drone x8  
  50  5:25  Queen  
  60  5:33  Drone x2  
  60  5:34  Evolution Chamber  
  61  5:36  Evolution Chamber  
  61  5:39  Centrifugal Hooks  
  61  5:42  Pneumatized Carapace  
  60  5:44  Drone x3  
  60  5:45  Drone  
  63  5:53  Zergling x2  
  63  5:54  Zergling x6  
  64  6:03  Zergling x2, Spine Crawler  
  64  6:04  Zergling x4, Spine Crawler  
  67  6:05  Spine Crawler  
  66  6:13  Zergling x2  
  66  6:14  Zergling x10  
  72  6:25  Zergling x10  
  74  6:33  Mutalisk x2  
  73  6:52  Zergling x6  
  73  6:53  Zergling x8  
  69  7:00  Mutalisk  
  68  7:04  Mutalisk x2, Drone  
  68  7:05  Mutalisk x2  
  77  7:16  Zerg Flyer Weapons Level 1  
  77  7:19  Drone x3  
  80  7:27  Hatchery  
  79  7:31  Zerg Melee Weapons Level 1  
  79  7:32  Zerg Ground Armor Level 1  
  79  7:35  Hatchery  
  78  8:13  Zergling x16  
  78  8:15  Baneling  
  78  8:16  Baneling x11  
  86  8:40  Extractor, Queen  
  87  8:42  Extractor  
  86  8:51  Mutalisk x7  
  100  9:00  Extractor x2  
  83  9:18  Mutalisk x2  
  83  9:22  Overlord x2  
  83  9:23  Zergling x2  
  92  9:24  Zergling x14  
  92  9:29  Drone  
  92  9:30  Drone  
  97  9:32  Drone x3  
  100  9:55  Baneling x8  
  100  9:56  Baneling  
  100  9:57  Baneling x2  
  100  9:58  Zergling x2  
  100  9:59  Zergling x22  
  112  10:16  Zergling x2  
  112  10:18  Queen  
  115  10:25  Zerg Flyer Weapons Level 2  
  115  10:32  Drone x5  
  115  10:33  Infestation Pit, Drone  
  115  10:35  Overlord x3  
  116  10:52  Overseer  
  116  10:54  Overseer  
  116  11:00  Zergling x2  
  116  11:02  Zergling x2  
  118  11:08  Drone x3  
  118  11:09  Drone  
  118  11:10  Drone x5  
  127  11:14  Overlord  
  127  11:16  Mutalisk  
  129  11:32  Overlord  
  129  11:33  Hatchery  
  120  12:03  Overseer  
  107  12:20  Drone  
  107  12:21  Drone x12  
  107  12:22  Drone x3  
  117  12:23  Drone x7  
  117  12:24  Queen  
  117  12:25  Overseer  
  117  12:29  Spore Crawler  
  124  12:31  Overseer  
  119  12:38  Overseer  
  104  13:03  Drone x10  
  114  13:11  Spore Crawler  
  113  13:13  Overlord  
  113  13:14  Overlord x3  
  113  13:25  Mutalisk x2  
  113  13:26  Mutalisk x3  
  123  13:31  Spore Crawler  
  122  13:39  Drone x2  
  122  13:40  Drone  
  122  13:41  Drone x3  
  128  13:42  Queen  
  128  13:45  Zerg Melee Weapons Level 2  
  128  13:46  Zerg Ground Armor Level 2  
  130  13:55  Drone x4  
  133  13:56  Drone x3  
  137  14:06  Overseer  
  137  14:10  Extractor  
  137  14:11  Extractor, Hive  
  137  14:12  Zergling x2  
  137  14:13  Zergling x16  
  144  14:36  Drone x3  
  144  14:37  Drone x3  
  144  14:38  Drone x3  
  135  15:07  Mutalisk x15  
  129  15:08  Mutalisk  
  137  15:30  Zergling x20  
  147  15:37  Zergling x2  
  148  15:55  Mutalisk x6  
  148  15:56  Mutalisk x2  
  162  16:05  Mutalisk  
  162  16:06  Mutalisk x3  
  167  16:32  Zergling x2  
  167  16:33  Zergling x22  
  172  16:48  Overlord  
  172  16:49  Overlord  
  172  16:50  Overseer  
  172  16:51  Zergling x2  
  172  16:52  Zergling x14  
  180  16:55  Overseer  
  172  17:28  Zergling x2  
  172  17:29  Zergling x32  
  145  17:41  Zergling x8  
Tags
 
Composition
Lurkers
Matchup
ZvZ
Race
Zerg
Replay Pack
Multiplayer
Spawn Locations
Cross Positions
Add a new tag
Caveats
  • Supply blocks, unpowered buildings, or Contaminate may cause inaccurate times.
  • Supply counts are checked every 10 seconds.